Map: Darkness Sanctuary LE

Players

erikmaster - Winner!

  • Race: Protoss Protoss
  • League: Diamond
  • Spawn Location: 5:00

SLIENCE

  • Race: Zerg Zerg
  • League: Diamond
  • Spawn Location: 11:00

VOD

Have the link to the VOD?

Description

oh god the slaughter

Time

  • Played on: July 23, 2018, 10:18 p.m.
  • Length: 16:39
Show
View Real Time Build Order
Export as new Build Order

erikmaster Protoss - Winner!

Build Orders: 1 Gate Expand, Oracle Opening 

Get SALT Encoding   

  12  0:01  Probe  
  13  0:13  Probe  
  14  0:26  Pylon, Probe  
  15  0:42  Probe  
  15  0:48  Gateway  
  16  0:50  Probe  
  16  0:53  Assimilator  
  17  0:58  Probe  
  18  1:08  Probe  
  19  1:16  Probe  
  20  1:33  Nexus  
  20  1:41  Cybernetics Core  
  20  1:43  Probe  
  21  1:51  Assimilator  
  21  1:56  Probe  
  21  1:59  Pylon  
  22  2:08  Probe  
  23  2:11  Adept  
  23  2:20  Probe  
  23  2:22  Warp Gate  
  26  2:32  Probe  
  27  2:38  Stargate  
  27  2:44  Probe  
  27  2:45  Probe  
  29  2:53  Probe  
  29  2:56  Probe  
  31  3:01  Probe  
  31  3:02  Gateway  
  31  3:05  Probe  
  32  3:12  Probe  
  33  3:13  Probe  
  33  3:14  Stalker  
  37  3:23  Oracle, Probe  
  37  3:24  Probe  
  42  3:36  Pylon  
  42  3:41  Probe x2  
  42  3:44  Adept  
  46  3:51  Shield Battery  
  46  3:54  Probe  
  47  3:58  Oracle  
  47  3:59  Adept  
  47  4:00  Probe  
  47  4:02  Assimilator  
  50  4:03  Pylon  
  50  4:05  Pylon, Assimilator  
  50  4:06  Probe  
  54  4:21  Probe x2  
  56  4:29  Gateway  
  56  4:30  Gateway  
  56  4:33  Probe x2  
  58  4:46  Probe  
  58  5:00  Probe  
  58  5:04  Probe  
  58  5:05  Stargate  
  60  5:07  Fleet Beacon  
  60  5:10  Adept  
  60  5:12  Probe  
  63  5:20  Nexus  
  63  5:25  Pylon  
  63  5:26  Void Ray  
  63  5:28  Stalker  
  65  5:29  Pylon  
  69  5:52  Carrier  
  69  6:02  Carrier  
  69  6:03  Forge, Gateway  
  69  6:04  Gateway, Probe  
  70  6:05  Probe  
  70  6:06  Shield Battery  
  70  6:10  Assimilator  
  71  6:15  Assimilator  
  71  6:16  Probe  
  71  6:17  Probe  
  85  6:28  Probe  
  85  6:32  Pylon, Probe  
  87  6:35  Protoss Air Weapons Level 1  
  84  6:40  Probe  
  84  6:42  Graviton Catapult  
  84  6:44  Probe  
  86  6:48  Cybernetics Core  
  86  6:49  Probe  
  86  6:51  Pylon  
  86  6:52  Probe  
  88  6:56  Probe  
  88  6:57  Photon Cannon  
  88  6:59  Carrier  
  89  7:01  Probe  
  89  7:02  Zealot x2  
  89  7:04  Probe  
  95  7:13  Probe  
  96  7:17  Carrier  
  102  7:28  Probe x3  
  111  7:37  Photon Cannon  
  111  7:38  Shield Battery  
  111  7:40  Probe, Photon Cannon  
  109  7:50  Probe x2  
  111  7:53  Pylon  
  111  7:54  Pylon  
  111  7:55  Pylon  
  111  8:06  Zealot  
  111  8:08  Sentry x2  
  111  8:12  Pylon  
  117  8:13  Pylon  
  117  8:15  Oracle  
  117  8:20  Protoss Air Weapons Level 2  
  120  8:35  Pylon  
  120  8:39  Carrier  
  120  8:42  Carrier  
  120  8:45  Pylon  
  126  8:51  Pylon  
  132  8:57  Protoss Air Armor Level 1  
  132  9:08  Stargate, Gateway  
  132  9:09  Gateway  
  130  9:13  Nexus  
  130  9:14  Protoss Ground Weapons Level 1  
  130  9:16  Pylon  
  130  9:19  Twilight Council  
  130  9:25  Assimilator  
  130  9:29  Assimilator  
  130  9:31  Pylon  
  130  9:33  Pylon, Photon Cannon  
  130  9:34  Stalker x2  
  130  9:35  Stalker, Adept x2  
  130  9:37  Photon Cannon  
  130  9:38  Sentry  
  142  9:53  Robotics Facility  
  142  9:55  Pylon, Carrier  
  142  9:56  Photon Cannon  
  142  10:02  Photon Cannon  
  142  10:05  Shield Battery  
  142  10:07  Void Ray  
  142  10:08  Photon Cannon  
  142  10:11  Pylon  
  148  10:18  Mothership  
  160  10:34  Observer  
  161  10:49  Gateway  
  161  10:50  Gateway  
  161  10:52  Pylon, Observer  
  161  10:53  Photon Cannon  
  161  10:55  Photon Cannon  
  162  11:04  Void Ray  
  162  11:06  Probe  
  162  11:08  Void Ray  
  162  11:10  Charge  
  171  11:11  Protoss Ground Weapons Level 2  
  171  11:18  Pylon  
  171  11:24  Protoss Air Weapons Level 3  
  171  11:25  Templar Archives  
  171  11:26  Void Ray  
  174  11:41  Zealot x3  
  174  11:42  Adept  
  174  11:43  Sentry  
  174  11:44  Carrier  
  184  11:51  Pylon  
  190  12:12  Photon Cannon  
  190  12:17  Zealot x5  
  190  12:20  Carrier x2  
  183  12:34  Observer  
  172  12:45  Probe  
  172  12:49  Photon Cannon  
  172  12:50  Probe x2  
  171  12:53  Photon Cannon  
  171  13:00  Psionic Storm  
  171  13:02  Probe  
  172  13:06  Observer  
  172  13:10  Carrier  
  179  13:22  Warp Prism  
  179  13:23  Probe x3  
  179  13:24  Probe  
  185  13:34  High Templar x2  
  185  13:35  Probe x2  
  185  13:36  Sentry, Probe x2  
  195  13:47  Probe  
  160  13:49  Pylon  
  160  13:55  Void Ray  
  164  14:11  Zealot x2  
  164  14:15  Photon Cannon  
  168  14:18  Zealot x3  
  168  14:19  Zealot, Dark Shrine  
  168  14:22  Zealot x2  
  164  14:45  Carrier x2  
  159  15:00  Probe x4  
  158  15:18  Zealot x4  
  158  15:20  Warp Prism  
  154  15:35  High Templar x2  
  154  15:36  High Templar x2  
  162  15:56  Zealot x6  
  174  16:05  Pylon  
  166  16:29  Zealot x6  
Show
View Real Time Build Order
Export as new Build Order

SLIENCE Zerg 

Build Orders: Hatch First, Lurkers 

Get SALT Encoding   

  12  0:01  Drone  
  13  0:14  Overlord  
  13  0:18  Drone  
  14  0:32  Drone  
  14  0:33  Drone  
  16  0:36  Drone  
  17  0:58  Drone, Hatchery  
  17  1:00  Drone  
  18  1:12  Extractor  
  18  1:16  Spawning Pool  
  18  1:18  Drone  
  17  1:23  Drone  
  18  1:33  Drone  
  19  1:46  Drone  
  20  2:03  Zergling x2  
  21  2:09  Queen  
  21  2:11  Metabolic Boost  
  21  2:13  Hatchery  
  22  2:19  Overlord  
  22  2:21  Drone  
  23  2:26  Drone  
  24  2:34  Queen  
  26  2:43  Drone  
  27  2:47  Drone x2  
  29  2:54  Overlord  
  29  2:56  Drone  
  30  3:08  Drone  
  30  3:09  Drone x2  
  33  3:14  Drone  
  33  3:16  Queen  
  36  3:21  Drone x3  
  39  3:27  Drone x2  
  39  3:33  Lair  
  41  3:36  Drone  
  42  3:41  Evolution Chamber  
  42  3:43  Drone  
  42  3:46  Zergling x2, Evolution Chamber  
  42  3:49  Drone  
  42  3:50  Drone  
  44  4:02  Drone  
  45  4:16  Spore Crawler, Zerg Missile Weapons Level 1  
  44  4:18  Drone x6  
  44  4:20  Overlord x3  
  50  4:42  Spore Crawler  
  49  4:50  Drone x2  
  47  4:58  Extractor  
  47  4:59  Extractor  
  45  5:00  Queen  
  45  5:05  Spore Crawler  
  45  5:06  Drone x6  
  45  5:07  Drone x9  
  61  5:15  Zerg Ground Armor Level 1  
  61  5:25  Drone x4  
  65  5:31  Hatchery  
  65  5:32  Extractor  
  65  5:33  Roach Warren, Extractor  
  61  5:37  Drone x4, Hydralisk Den  
  61  5:38  Drone x3, Extractor  
  66  5:46  Overlord x2  
  63  5:59  Drone  
  63  6:00  Drone x7  
  71  6:06  Hydralisk x4  
  71  6:08  Overlord  
  79  6:11  Muscular Augments  
  79  6:12  Glial Reconstitution  
  79  6:49  Hatchery  
  79  6:53  Overlord x4  
  78  7:02  Queen  
  78  7:07  Lurker Den  
  79  7:22  Grooved Spines  
  79  7:24  Zerg Ground Armor Level 2, Zerg Missile Weapons Level 2  
  79  7:25  Hydralisk  
  79  7:26  Hydralisk x8  
  97  7:53  Infestation Pit  
  97  7:54  Drone x8  
  97  7:55  Drone x4  
  97  7:56  Drone, Overlord  
  97  7:57  Overlord x4  
  109  8:02  Pneumatized Carapace  
  109  8:04  Burrow  
  109  8:15  Hydralisk  
  109  8:16  Hydralisk x4  
  109  8:18  Roach x9  
  136  8:20  Hydralisk, Extractor  
  136  8:21  Hydralisk  
  136  8:24  Extractor  
  138  8:32  Spore Crawler  
  137  8:36  Spore Crawler  
  137  8:40  Hydralisk x4  
  137  8:41  Hydralisk x2  
  148  8:51  Hive  
  148  8:58  Overseer  
  148  9:17  Queen  
  150  9:35  Lurker x9  
  159  9:49  Hydralisk  
  159  9:50  Hydralisk x2  
  165  10:04  Overlord x4  
  165  10:05  Overlord  
  165  10:09  Adrenal Glands  
  165  10:12  Adaptive Talons  
  165  10:14  Zerg Missile Weapons Level 3  
  165  10:17  Zerg Ground Armor Level 3  
  165  10:32  Overlord x3  
  165  10:33  Overlord  
  165  10:39  Hydralisk  
  165  10:40  Hydralisk x3  
  165  10:41  Viper  
  176  10:44  Viper  
  176  10:45  Extractor  
  176  10:46  Hatchery  
  176  10:47  Extractor  
  176  10:51  Zergling x18  
  176  10:52  Zergling x30  
  200  11:00  Evolution Chamber  
  200  11:01  Overlord x2  
  199  11:05  Overseer x2  
  199  11:15  Overseer  
  198  12:03  Overlord x4  
  159  12:39  Drone, Hydralisk  
  129  12:45  Hydralisk  
  129  12:46  Hydralisk x6  
  123  12:56  Hydralisk  
  123  12:57  Hydralisk x10  
  123  12:58  Hydralisk x2  
  147  13:24  Hydralisk  
  147  13:25  Hydralisk x6  
  147  13:26  Zergling x2  
  147  13:27  Zergling x22  
  173  13:35  Hydralisk x7  
  173  13:36  Hydralisk  
  173  13:38  Spine Crawler  
  184  13:54  Hatchery  
  144  14:04  Hydralisk x2  
  144  14:05  Hydralisk x14  
  144  14:06  Hydralisk  
  154  14:20  Hydralisk  
  154  14:21  Hydralisk x6  
  159  14:26  Hydralisk  
  122  15:14  Hydralisk  
  122  15:15  Hydralisk x14  
  150  15:25  Hydralisk x3  
  154  15:46  Hydralisk  
  154  15:47  Hydralisk x6  
  126  15:51  Hydralisk  
  126  16:03  Viper  
  126  16:04  Viper x2  
Tags
 
Add a new tag
Caveats
  • Supply blocks, unpowered buildings, or Contaminate may cause inaccurate times.
  • Supply counts are checked every 10 seconds.